Map: Pillars of Gold LE

Players

Solar - Winner!

  • Race: Zerg Zerg
  • League: Grandmaster
  • Spawn Location: 1:00

Maru

  • Race: Terran Terran
  • League: Master
  • Spawn Location: 7:00

Event: TSL 6

VOD

Have the link to the VOD?

Description

Time

  • Played on: Dec. 19, 2020, 3:38 a.m.
  • Length: 11:00

All games in this series

Show
View Real Time Build Order
Export as new Build Order

Solar Zerg - Winner!

Build Orders: Hatch First, Muta Ling Bane 

Get SALT Encoding   

  12  0:00  Drone  
  13  0:12  Overlord  
  13  0:17  Drone  
  14  0:31  Drone x2  
  16  0:50  Hatchery  
  16  0:52  Drone  
  16  0:57  Drone  
  17  1:00  Drone  
  18  1:10  Extractor  
  17  1:17  Spawning Pool  
  16  1:20  Drone  
  16  1:23  Drone  
  18  1:30  Drone  
  19  1:40  Drone  
  20  1:51  Drone  
  21  2:03  Zergling x4, Queen  
  21  2:04  Queen  
  27  2:13  Overlord  
  27  2:14  Drone  
  28  2:29  Hatchery  
  27  2:31  Drone  
  27  2:32  Drone  
  27  2:35  Drone  
  30  2:43  Queen  
  31  2:48  Metabolic Boost  
  31  2:53  Overlord  
  31  2:56  Drone  
  31  2:58  Drone  
  33  3:01  Drone  
  33  3:02  Drone  
  35  3:12  Zergling x4  
  36  3:14  Drone x2  
  36  3:15  Drone  
  39  3:22  Queen  
  39  3:25  Drone x2  
  43  3:28  Overlord  
  43  3:30  Drone  
  44  3:40  Queen  
  46  3:42  Drone  
  46  3:44  Zergling x4  
  49  3:49  Drone  
  49  3:50  Zergling x2  
  49  3:51  Drone x3  
  49  3:53  Drone  
  49  3:54  Drone  
  56  3:56  Drone  
  56  3:58  Drone  
  58  4:06  Overlord  
  58  4:09  Overlord  
  58  4:14  Overlord  
  58  4:19  Overlord  
  58  4:24  Queen  
  58  4:25  Drone x2  
  58  4:26  Drone x3  
  58  4:29  Drone x3  
  58  4:30  Drone  
  58  4:31  Drone x2  
  70  4:35  Zergling x2  
  70  4:36  Zergling x2  
  72  4:38  Evolution Chamber  
  72  4:40  Lair, Extractor  
  72  4:42  Baneling Nest  
  72  4:43  Extractor  
  72  4:44  Zergling x2  
  70  4:48  Queen  
  70  4:50  Drone  
  70  4:51  Drone  
  74  4:53  Drone  
  74  4:57  Overlord  
  74  4:58  Zergling x4  
  74  4:59  Drone x2  
  79  5:01  Drone  
  79  5:02  Drone  
  79  5:03  Drone  
  79  5:06  Drone  
  83  5:12  Drone  
  85  5:14  Drone  
  85  5:16  Extractor x2, Drone  
  85  5:19  Drone x2  
  85  5:21  Drone x2  
  88  5:23  Drone  
  88  5:24  Zergling x6, Extractor  
  88  5:27  Drone x3  
  94  5:33  Zergling x2  
  94  5:35  Overlord  
  95  5:38  Zergling x2  
  96  5:43  Zergling x2, Centrifical Hooks, Spire  
  96  5:46  Overlord  
  96  5:47  Evolution Chamber x2  
  94  5:50  Drone  
  94  5:51  Baneling x6  
  94  5:52  Baneling x2  
  94  5:53  Drone  
  94  5:56  Zergling x4  
  98  5:58  Zergling x2  
  98  5:59  Zergling x2  
  100  6:04  Zergling x6  
  100  6:05  Zergling x2  
  100  6:06  Zergling x2  
  100  6:08  Zergling x2  
  100  6:09  Zergling x2  
  106  6:15  Zergling x6, Extractor  
  108  6:20  Drone  
  108  6:22  Drone  
  108  6:24  Zerg Ground Armor Level 1, Zerg Melee Weapons Level 1  
  108  6:25  Drone  
  110  6:27  Overlord  
  110  6:29  Drone  
  110  6:32  Drone  
  109  6:38  Overlord  
  109  6:39  Overseer  
  108  6:54  Zergling x20  
  117  7:01  Mutalisk x4  
  117  7:02  Hatchery, Mutalisk  
  117  7:07  Mutalisk x2  
  130  7:11  Overlord, Baneling x3  
  130  7:13  Overlord  
  130  7:16  Overlord  
  130  7:18  Overlord  
  130  7:19  Overlord  
  130  7:24  Overlord  
  130  7:26  Overlord x2  
  130  7:29  Baneling x2  
  130  7:30  Mutalisk  
  130  7:32  Overseer  
  130  7:33  Pneumatized Carapace  
  130  7:36  Drone  
  132  7:38  Drone  
  132  7:40  Spore Crawler  
  132  7:46  Mutalisk x3  
  132  7:49  Drone  
  132  7:50  Drone x2  
  141  7:52  Drone x2  
  141  7:56  Mutalisk x2  
  141  7:58  Drone x3, Baneling  
  149  8:00  Drone  
  149  8:02  Drone  
  149  8:03  Drone  
  149  8:04  Drone  
  153  8:07  Overlord  
  153  8:11  Drone  
  154  8:17  Drone x2  
  154  8:18  Drone  
  159  8:20  Extractor  
  159  8:24  Mutalisk x3  
  163  8:27  Drone  
  163  8:31  Zerg Ground Armor Level 2  
  153  8:42  Zergling x26  
  153  8:44  Overlord  
  165  8:51  Drone x3  
  168  8:58  Drone  
  168  8:59  Infestation Pit  
  168  9:01  Baneling x8  
  168  9:02  Drone  
  169  9:03  Zergling x2  
  169  9:04  Zergling x6  
  169  9:06  Hatchery  
  169  9:07  Zergling x4  
  174  9:13  Zergling x14  
  181  9:20  Zergling x4  
  181  9:22  Baneling x5  
  181  9:24  Zergling x4  
  185  9:26  Hatchery, Drone  
  185  9:30  Zergling x2  
  183  9:35  Zergling x6  
  178  9:40  Zergling x12  
  165  9:54  Zergling x10  
  165  9:55  Drone  
  165  9:57  Drone  
  165  9:59  Drone  
  173  10:06  Drone x3  
  176  10:08  Mutalisk x5  
  186  10:14  Baneling x5  
  186  10:15  Baneling  
  186  10:16  Zergling x4  
  186  10:20  Baneling x5  
  188  10:27  Zergling x18  
  174  10:33  Zergling x4  
  167  10:36  Zergling x14  
  167  10:37  Baneling x7  
Show
View Real Time Build Order
Export as new Build Order

Maru Terran 

Build Orders: Reaper Expand 

Get SALT Encoding   

  12  0:00  SCV  
  13  0:12  SCV  
  14  0:17  Supply Depot  
  14  0:24  SCV  
  15  0:39  SCV  
  15  0:40  Barracks  
  16  0:46  Refinery  
  16  0:51  SCV  
  17  1:03  SCV  
  18  1:15  SCV  
  19  1:28  Orbital Command  
  19  1:29  Reaper  
  20  1:41  Command Center  
  20  1:52  Supply Depot  
  20  1:53  SCV  
  21  2:01  Reaper  
  21  2:05  SCV  
  23  2:12  Barracks  
  23  2:17  SCV  
  23  2:20  Refinery  
  24  2:31  SCV  
  24  2:34  Barracks Reactor  
  25  2:43  SCV  
  26  2:46  Command Center  
  26  2:53  Orbital Command  
  26  2:57  SCV  
  27  2:59  Barracks Tech Lab  
  27  3:07  Factory  
  27  3:09  SCV  
  28  3:15  Marine x2  
  30  3:20  SCV  
  30  3:23  Stimpack  
  30  3:25  SCV  
  32  3:31  Marine  
  32  3:33  Marine x2  
  35  3:34  SCV  
  35  3:38  SCV  
  37  3:46  SCV  
  38  3:49  Marine  
  38  3:50  SCV, Marine  
  38  3:54  Marine  
  42  3:57  Factory Reactor, Starport  
  42  4:00  SCV  
  43  4:03  Orbital Command  
  43  4:05  SCV  
  43  4:06  Marine  
  43  4:08  Marine  
  46  4:12  SCV  
  46  4:16  Supply Depot  
  47  4:17  Marine  
  47  4:20  SCV  
  47  4:24  SCV, Marine  
  50  4:26  Marine  
  50  4:31  SCV  
  53  4:33  SCV  
  53  4:36  SCV  
  53  4:37  Marine  
  56  4:42  Marine  
  56  4:43  Factory Reactor  
  56  4:44  Medivac x2, Orbital Command, Supply Depot, Marine  
  56  4:45  SCV  
  64  4:49  Refinery x2, SCV  
  64  4:57  SCV  
  65  5:00  Supply Depot  
  65  5:02  Engineering Bay  
  65  5:04  Engineering Bay  
  65  5:05  Combat Shield, Marine x3  
  67  5:11  SCV x2  
  67  5:12  SCV  
  70  5:23  Supply Depot, SCV x2, Marine x2  
  70  5:24  Starport Tech Lab, SCV  
  70  5:26  Supply Depot  
  75  5:37  Factory, SCV x2, Armory  
  75  5:42  Marine x2  
  78  5:47  SCV  
  78  5:49  SCV  
  80  5:50  Terran Infantry Weapons Level 1  
  80  5:51  Terran Infantry Armor Level 1  
  80  5:52  SCV  
  80  5:53  Marine  
  82  6:00  SCV, Marine x2  
  85  6:05  Medivac  
  85  6:11  SCV x2  
  89  6:14  Supply Depot x2, Marine  
  89  6:15  Widow Mine  
  92  6:19  SCV  
  92  6:23  SCV  
  92  6:25  Drilling Claws, SCV  
  95  6:32  SCV  
  96  6:33  Marine x3  
  96  6:37  Supply Depot, Barracks  
  96  6:38  Barracks x2  
  99  6:42  Medivac x2  
  99  6:43  Widow Mine  
  99  6:47  Widow Mine  
  107  6:54  SCV x2  
  109  6:55  SCV  
  109  6:56  Supply Depot  
  109  6:57  Supply Depot  
  110  7:06  Missile Turret, SCV x2  
  110  7:07  Missile Turret  
  111  7:10  Missile Turret  
  111  7:11  Widow Mine x2  
  111  7:14  Widow Mine  
  117  7:15  Marine  
  117  7:16  Marine  
  117  7:21  Medivac x2  
  123  7:25  SCV  
  124  7:33  Widow Mine x2, Marine  
  124  7:34  Barracks Reactor x2, Marauder, Marine  
  124  7:35  Barracks Reactor  
  132  7:39  Missile Turret  
  132  7:40  Supply Depot x2  
  132  7:41  Supply Depot x2  
  132  7:50  Widow Mine  
  134  7:51  Medivac, Marine x2  
  134  7:54  Widow Mine  
  140  7:59  Supply Depot  
  140  8:02  Marauder, Widow Mine  
  144  8:07  SCV  
  144  8:08  Terran Infantry Armor Level 2, Terran Infantry Weapons Level 2  
  144  8:09  Marine  
  144  8:10  Barracks  
  144  8:11  Barracks  
  144  8:13  Barracks  
  144  8:17  Widow Mine x2  
  144  8:19  Marine x4  
  150  8:20  Marine x3  
  150  8:23  Marauder  
  157  8:29  Medivac x2  
  159  8:36  Widow Mine  
  159  8:38  Widow Mine  
  155  8:42  SCV  
  154  8:50  Widow Mine  
  154  8:51  Command Center  
  154  8:55  Marauder, Marine x4  
  155  8:58  Widow Mine, Marine x2  
  155  9:00  Supply Depot  
  155  9:01  Barracks Tech Lab x3  
  160  9:10  Marine x2  
  160  9:12  Widow Mine x2  
  160  9:13  Marine  
  160  9:14  Supply Depot  
  169  9:17  Marauder  
  169  9:19  Widow Mine  
  169  9:21  Concussive Shells  
  171  9:27  Marauder x3, Marine  
  154  9:38  Marauder  
  154  9:40  Medivac  
  154  9:42  SCV  
  146  9:49  Supply Depot  
  146  9:50  Marine  
  146  9:51  Marauder x2  
  149  9:56  Marauder, Marine x3  
  154  10:00  Marauder  
  154  10:01  Marine x4  
  158  10:08  Marine  
  158  10:09  Widow Mine x2  
  158  10:12  Marauder x2  
  158  10:14  Marine  
  168  10:17  Marauder  
  168  10:20  Marine  
  168  10:21  Marauder, Marine x2  
  154  10:34  Marauder  
  144  10:36  Marauder, Marine x2  
  144  10:39  Marauder  
  144  10:41  Marine  
  144  10:42  Marine  
Tags
 
Add a new tag
Caveats
  • Supply blocks, unpowered buildings, or Contaminate may cause inaccurate times.
  • Supply counts are checked every 10 seconds.